 Dungeon Crawl Stone Soup version 0.31-a0-841-g038b102fc3 (webtiles) character file.

Game seed: 7554484800147236541

84 randomguy2701 the Magician (level 4, 0/34 HPs)
             Began as a Gnoll Wanderer on Sept 27, 2023.
             Succumbed to Blork the orc's poison
             ... on level 4 of the Dungeon.
             The game lasted 00:02:29 (2245 turns).

randomguy2701 the Magician (Gnoll Wanderer)         Turns: 2245, Time: 00:02:30

Health: 0/34       AC:  9    Str: 10    XL:     4   Next: 45%
Magic:  13/13      EV:  9    Int: 12    God:
Gold:   132        SH:  0    Dex: 14    Spells: 16/17 levels left

rFire   . . .        a - +0 falchion
rCold   . . .        (no shield)
rNeg    . . .        b - +0 scale mail
rPois   .            (no helmet)
rElec   .            l - +0 cloak
rCorr   .            (no gloves)
SInv    .            i - +0 pair of boots
Will    .....        (no amulet) Stlth
                     (no ring)
HPRegen 0.25/turn    (no ring)
MPRegen 0.13/turn

%: no passive effects
@: lethally poisoned (0 -> -6)
A: fangs 1, strong nose, distributed training
a: no special abilities


You were on level 4 of the Dungeon.
You visited 1 branch of the dungeon, and saw 4 of its levels.

You collected 132 gold pieces.

Inventory:

Hand Weapons
 a - a +0 falchion (weapon)
Missiles
 m - a throwing net
Armour
 b - a +0 scale mail (worn)
 i - a +0 pair of boots (worn)
 l - a +0 cloak (worn)
Scrolls
 c - a scroll of vulnerability
 e - 3 scrolls of identify {unknown}
 f - 2 scrolls of teleportation {unknown}
 g - 2 scrolls of poison {unknown}
 h - 3 scrolls of amnesia {unknown}
 k - 3 scrolls of brand weapon {unknown}
 n - a scroll of butterflies {unknown}
Potions
 d - a potion of haste {unknown}
 j - a potion of brilliance {unknown}


   Skills:
 + Level 2.8 Fighting
 + Level 1.2 Short Blades
 + Level 4.6 Long Blades
 + Level 1.2 Axes
 + Level 1.2 Maces & Flails
 + Level 1.2 Polearms
 + Level 1.2 Staves
 + Level 1.2 Ranged Weapons
 + Level 1.2 Throwing
 + Level 4.6 Armour
 + Level 2.8 Dodging
 + Level 1.2 Stealth
 + Level 1.2 Shields
 + Level 1.2 Unarmed Combat
 + Level 7.2 Spellcasting
 + Level 1.0 Conjurations
 + Level 1.0 Hexes
 + Level 1.0 Summonings
 + Level 1.0 Necromancy
 + Level 1.0 Translocations
 + Level 1.0 Transmutations
 + Level 1.0 Fire Magic
 + Level 1.0 Ice Magic
 + Level 1.0 Air Magic
 + Level 1.0 Earth Magic
 + Level 1.0 Poison Magic
 + Level 1.3 Invocations
 + Level 1.2 Evocations
 + Level 1.1 Shapeshifting


You had 16 spell levels left.
You knew the following spells:

 Your Spells              Type           Power      Damage    Failure   Level
a - Freeze                Ice            24%        1d4       54%         1

Your spell library contained the following spells:

 Spells                   Type           Power      Damage    Failure   Level
 Lesser Beckoning         Tloc           12%        N/A       67%         2
 Searing Ray              Conj           12%        2d4       67%         2
 Wereblood                Tmut           6%         N/A       67%         2
 Gell's Gravitas          Tloc           6%         N/A       88%         3
 Teleport Other           Tloc           6%         N/A       88%         3


Dungeon Overview and Level Annotations

Branches:
Dungeon (4/15)
 Temple: D:4-7

Altars:

Shops:
D:1 [

Annotations:
D:4 Blork the orc


Innate Abilities, Weirdness & Mutations

You have very sharp teeth.
Your uncanny sense of smell can sniff out nearby items.
Your experience applies equally to all skills.


Message History

g - 2 scrolls labelled NOLLUI ZUTRITU (gained 1) Blork the orc comes into view.
He is wielding a +2 dire flail of venom and wearing a +2 robe of resistance.
Found a scroll labelled TOYMIZ PUS.
Found a stone staircase leading up.
Blork the orc shouts!
Blork the orc is nearby!
You see here a scroll labelled TOYMIZ PUS.
You hit Blork the orc but do no damage. Blork the orc barely misses you.
You hit Blork the orc.
Blork the orc is lightly wounded.
Blork the orc closely misses you.
You hit Blork the orc but do no damage.
Blork the orc is lightly wounded.
Blork the orc screams, "I'll drink your blood!
Soon!"
Blork the orc points at you and mumbles some strange words.
The magic dart hits you!
You barely miss Blork the orc. You bite Blork the orc.
Blork the orc is lightly wounded.
Blork the orc gestures wildly while chanting.
Blork the orc seems to speed up.
You hit Blork the orc. Your bite misses Blork the orc.
Blork the orc is lightly wounded.
Blork the orc hits you with a +2 dire flail of venom!
You are lethally poisoned!
Unknown command.
You are too injured to fight recklessly!
Unknown command.
* * * LOW HITPOINT WARNING * * *
You feel very sick.
Blork the orc casts a cantrip, but nothing happens.
* * * LOW HITPOINT WARNING * * *
You feel very sick.
Blork the orc looks satisfied for a moment.
Found a worn fluorescent wand.
* * * LOW HITPOINT WARNING * * *
You feel sick.
* * * LOW HITPOINT WARNING * * *
You feel sick.
Blork the orc miscasts a cantrip.
There is a stone staircase leading up here.
You die...

######.# #.# #. .#
#.# #. /# #.# #. .##
#)# #. ..# #)# #. ..
#####.#### #. .#
#........### #.#.+
.>..........# #.@.#
.#.###.##.#.####..##
∆ # #.##.#.....o..#
#.##.######.?##
..##.# #?.# ####.#
#..# #.# #.... #.#
##.### ..# ..


You could see Blork the orc (fast).

Vanquished Creatures
  3 adders (D:2)
  A worm (D:2)
  3 dart slugs
  An orc (D:3)
  7 ball pythons
  6 bats
  4 endoplasms (D:1)
  A giant cockroach (D:1)
  3 hobgoblins
  2 jackals (D:3)
  2 quokkas
  2 frilled lizards (D:1)
  4 goblins
  4 kobolds
  3 rats
46 creatures vanquished.

Notes
Turn   | Place    | Note
-------+----------+-------------------------------------------
     0 | D:1      | randomguy2701 the Gnoll Wanderer began the quest for the
                  | Orb.
     0 | D:1      | randomguy2701 set off with the following items: a +0
                  | falchion, a +0 scale mail, a scroll of vulnerability; and
                  | the following spell memorised: Freeze; and the following
                  | spells available to memorise: Searing Ray, Wereblood,
                  | Teleport Other.
     0 | D:1      | Reached XP level 1. HP: 17/17 MP: 8/8
   179 | D:1      | Found Budis's Armour Shoppe.
   196 | D:1      | Reached XP level 2. HP: 23/23 MP: 10/10
   351 | D:1      | Found a faded altar of an unknown god.
   628 | D:1      | Reached XP level 3. HP: 28/28 MP: 11/11
   942 | D:2      | Reached skill level 1 in Invocations
  1074 | D:2      | Reached skill level 1 in Short Blades
  1074 | D:2      | Reached skill level 1 in Axes
  1074 | D:2      | Reached skill level 1 in Maces & Flails
  1074 | D:2      | Reached skill level 1 in Polearms
  1074 | D:2      | Reached skill level 1 in Staves
  1074 | D:2      | Reached skill level 1 in Ranged Weapons
  1074 | D:2      | Reached skill level 1 in Throwing
  1074 | D:2      | Reached skill level 1 in Stealth
  1074 | D:2      | Reached skill level 1 in Shields
  1074 | D:2      | Reached skill level 1 in Unarmed Combat
  1074 | D:2      | Reached skill level 1 in Evocations
  1205 | D:2      | Reached XP level 4. HP: 34/34 MP: 13/13
  1251 | D:2      | Reached skill level 1 in Shapeshifting
  2212 | D:4      | Reached skill level 1 in Conjurations
  2212 | D:4      | Reached skill level 1 in Hexes
  2212 | D:4      | Reached skill level 1 in Summonings
  2212 | D:4      | Reached skill level 1 in Necromancy
  2212 | D:4      | Reached skill level 1 in Translocations
  2212 | D:4      | Reached skill level 1 in Transmutations
  2212 | D:4      | Reached skill level 1 in Fire Magic
  2212 | D:4      | Reached skill level 1 in Ice Magic
  2212 | D:4      | Reached skill level 1 in Air Magic
  2212 | D:4      | Reached skill level 1 in Earth Magic
  2212 | D:4      | Reached skill level 1 in Poison Magic
  2233 | D:4      | Noticed Blork the orc
  2245 | D:4      | Succumbed to Blork the orc's poison

Illustrated notes

Levels and vault maps discovered:
D:1:      dpeg_arrival_arbitrary_a, layout_basic, serial_shops, shop,
          basic_ecumenical_altar
D:2:      layout_rooms
D:3:      layout_rooms, chequers_serial_rivers_micro_b
D:4:      layout_loops_ring, serial_shops, nicolae_shop_rolling_square,
          gammafunk_ghost_grave, kennysheep_small_spiral, uniq_blork_the_orc

Skill      XL: |  1  2  3  4 |
---------------+-------------+-----
Invocations    | 1 |  1.3
Short Blades   | 1 |  1.2
Axes           | 1 |  1.2
Maces & Flails | 1 |  1.2
Polearms       | 1 |  1.2
Staves         | 1 |  1.2
Ranged Weapons | 1 |  1.2
Throwing       | 1 |  1.2
Stealth        | 1 |  1.2
Shields        | 1 |  1.2
Unarmed Combat | 1 |  1.2
Evocations     | 1 |  1.2
Shapeshifting  | 1 |  1.1
Conjurations   | 1 |  1.0
Hexes          | 1 |  1.0
Summonings     | 1 |  1.0
Necromancy     | 1 |  1.0
Translocations | 1 |  1.0
Transmutations | 1 |  1.0
Fire Magic     | 1 |  1.0
Ice Magic      | 1 |  1.0
Air Magic      | 1 |  1.0
Earth Magic    | 1 |  1.0
Poison Magic   | 1 |  1.0
Fighting       | |  2.8
Long Blades    | |  4.6
Armour         | |  4.6
Dodging        | |  2.8
Spellcasting   | |  7.2

Action                     |  1- 3 |  4- 6 || total
---------------------------+-------+-------++-------
  Melee: Falchion          |   115 |    62 ||   177
         Bite              |     8 |     9 ||    17
         Punch             |     1 |     1 ||     2
   Cast: Freeze            |     4 |       ||     4
 Armour: Scale mail        |   112 |    38 ||   150
  Dodge: Dodged            |    59 |    33 ||    92

Table legend: (Time is in decaauts)
 A = Elapsed time spent in this place.
 B = Non-inter-level travel time spent in this place.
 C = Inter-level travel time spent in this place.
 D = Time resting spent in this place.
 E = Time spent auto-exploring this place.
 F = Levels seen in this place.
 G = Mean time per level.
                   A        B        C        D        E       F      G
               +--------+--------+--------+--------+--------+-----+--------+
         Total |   2258 |   2083 |    175 |      0 |   1689 |   4 |  564.5 |
       Dungeon |   2258 |   2083 |    175 |      0 |   1689 |   4 |  564.5 |
               +--------+--------+--------+--------+--------+-----+--------+

Top non-repeatable levels by time:
     D:1: 926 daAuts
     D:2: 690 daAuts
     D:3: 531 daAuts
     D:4: 110 daAuts
